 Dungeon Crawl Stone Soup version 0.32-a0-685-g93135e86f0 (webtiles) character file.

Game seed: 14624420451317541898

340 backslashecho the Shooter (level 6, -7/48 HPs)
             Began as a Formicid Hunter on Mar 13, 2024.
             Mangled by an iguana (11 damage)
             ... on level 4 of the Dungeon.
             The game lasted 00:05:20 (3125 turns).

backslashecho the Shooter (Formicid Hunter)         Turns: 3125, Time: 00:05:20

Health: -7/48      AC:  8    Str: 15    XL:     6   Next: 87%
Magic:  6/6        EV: 13    Int:  9    God:
Gold:   155        SH:  5    Dex: 19    Spells: 5/5 levels left

rFire   + + .        a - +0 shortbow
rCold   . . .        (no shield)
rNeg    . . .        r - +2 robe of Iveh {Fly rF++}
rPois   .            (helmet unavailable)
rElec   .            (no cloak)
rCorr   .            (no gloves)
SInv    +            (no boots)
Will    .....        s - amulet of reflection
Stlth   ++           d - +4 ring of protection
HPRegen 0.28/turn    (no ring)
MPRegen 0.10/turn

%: reflection
@: flying
A: permanent stasis, dig shafts and tunnels, antennae 3, four strong arms
a: Dig, Shaft Self


You were on level 4 of the Dungeon.
You visited 1 branch of the dungeon, and saw 5 of its levels.

You collected 155 gold pieces.

Inventory:

Hand Weapons
 a - a +0 shortbow (weapon)
Missiles
 g - 11 poisoned darts
Armour
 c - a +0 leather armour
 r - the +2 robe of Iveh (worn) {Fly rF++}
   (You found it on level 3 of the Dungeon)

   rF++:      It greatly protects you from fire.
   Fly:       It grants you flight.
Jewellery
 d - a +4 ring of protection (left hand)
 s - an amulet of reflection (around neck)
 w - a ring of protection from cold
 C - a ring of protection from fire
Wands
 y - a wand of polymorph (11)
Scrolls
 b - a scroll of butterflies
 e - 2 scrolls of blinking {unknown}
 f - a scroll of enchant armour {unknown}
 h - 2 scrolls of noise {unknown}
 i - 3 scrolls of teleportation {unknown}
 j - 3 scrolls of identify {unknown}
 k - 2 scrolls of poison {unknown}
 l - 3 scrolls of revelation {unknown}
 n - a scroll of vulnerability {unknown}
 o - a scroll of torment {unknown}
 v - a scroll of silence {unknown}
 x - a scroll of amnesia {unknown}
 A - a scroll of immolation {unknown}
Potions
 m - a potion of heal wounds {unknown}
 p - a potion of ambrosia {unknown}
 q - a potion of enlightenment {unknown}
 u - a potion of haste
 z - 2 potions of lignification {unknown}
 B - a potion of magic {unknown}


   Skills:
 + Level 4.1 Fighting
 * Level 6.1 Ranged Weapons
 + Level 3.3 Dodging
 - Level 1.2 Stealth


You had 5 spell levels left.
You didn't know any spells.
Your spell library contained the following spells:

 Spells                   Type           Power      Damage    Failure   Level
 Kiss of Death            Conj/Necr      0%         2d5       38%         1
 Confusing Touch          Hex            0%         N/A       77%         3
 Hailstorm                Conj/Ice       0%         3d5       77%         3
 Summon Ice Beast         Ice/Summ       0%         N/A       77%         3
 Dispel Undead            Necr           0%         3d6       99%         4
 Permafrost Eruption      Ice/Erth       0%         2x4d2     100%        6
 Sculpt Simulacrum        Ice/Alch       0%         N/A       100%        6


Dungeon Overview and Level Annotations

Branches:
Dungeon (5/15)
 Temple: D:4-7

Altars:
Kikubaaqudgha
Nemelex Xobeh
Vehumet
Xom


Innate Abilities, Weirdness & Mutations

You cannot be hasted, slowed, berserked, paralysed or teleported.
You can dig through walls and to a lower floor.
You have a pair of large antennae on your head. (SInv)
Your four strong arms can wield two-handed weapons with a shield.


Message History

You shoot an arrow. The arrow hits the orc!
You kill the orc!
You shoot an arrow. The arrow hits the orc!
You kill the orc!
No target in view!
Found 5 stones.
Found a stone staircase leading down.
No target in view!
Found an escape hatch in the ceiling.
You sense a monster nearby.
No target in view!
No target in view!
An orc comes into view. It is wielding a +0 dagger.
You shoot an arrow. The orc shouts!
The arrow hits the orc!
The orc is almost dead.
You hear a shout!
An iguana comes into view.
An orc priest comes into view. It is wielding a +0 hand axe.
You shoot an arrow. The orc priest shouts!
The arrow hits the orc priest.
The orc priest is moderately wounded.
You shoot an arrow. The arrow hits the orc priest.
The orc priest is heavily wounded.
The iguana hisses menacingly.
An orc priest comes into view. It is wielding a +0 short sword.
The orc priest calls upon Beogh to heal the orc.
The orc is healed somewhat.
The orc suddenly grunts, as Orcs often do.
An orc comes into view. It is wielding a +0 war axe.
An orc comes into view. It is wielding a +0 whip.
The orc moves out of view.
The iguana attacks as it pursues you! The iguana bites you.
A scorpion comes into view.
You see here a scroll labelled YQINOV ADUD.
You take 3 damage, and have 45/48 hp.
The iguana closely misses you.
An orc wizard comes into view. It is wielding a +0 dagger.
The orc wizard shouts!
The orc shouts!
The iguana barely misses you.
There is an escape hatch in the ceiling here.
The orc priest closely misses you. The iguana closely misses you.
A mysterious force pulls you upwards. The hatch slams shut behind you.
You shoot an arrow. The arrow barely misses the orc priest.
The orc priest hits you but does no damage.
The iguana closely misses you.
You shoot an arrow. The arrow hits the orc priest.
The orc priest is severely wounded.
The orc priest closely misses you. The iguana bites you!
The orc priest calls down the wrath of Beogh upon you.
Beogh smites you!
You take 23 damage, and have 23/48 hp.
MASSIVE DAMAGE!!
You shoot an arrow. The arrow hits the orc priest.
The orc priest is severely wounded.
The orc priest shouts, "The Pantheon deserves no one's loyalty.
Let us show you the true path!" The iguana closely misses you.
The orc priest casts a cantrip, but nothing happens.
The iguana barely misses you.
You shoot an arrow. The arrow barely misses the orc priest.
The orc priest hits you but does no damage.
You block the iguana's attack.
You shoot an arrow. The arrow hits the orc priest.
The orc priest is severely wounded.
The orc priest hits you with a +0 hand axe.
The iguana bites you but does no damage.
You take 2 damage, and have 22/48 hp.
You shoot an arrow. The arrow hits the orc priest.
The orc priest is almost dead.
The orc priest calls down the wrath of Beogh upon you.
Pain shoots through your body!
* * * LOW HITPOINT WARNING * * *
The iguana bites you.
* * * LOW HITPOINT WARNING * * *
You take 19 damage, and have 3/48 hp.
MASSIVE DAMAGE!!
It was a potion of curing.
You feel better.
The orc priest hits you with a +0 hand axe.
* * * LOW HITPOINT WARNING * * *
The iguana bites you.
* * * LOW HITPOINT WARNING * * *
You feel better. The orc priest misses you. You block the iguana's attack.
You regained 11 hp, and now have 14/48 hp.
You shoot an arrow. The arrow barely misses the orc priest.
The orc priest hits you with a +0 hand axe.
* * * LOW HITPOINT WARNING * * *
You block the iguana's attack.
You take 1 damage, and have 13/48 hp.
You shoot an arrow. The arrow hits the orc priest.
You kill the orc priest!
The iguana bites you!
* * * LOW HITPOINT WARNING * * *
You take 9 damage, and have 4/48 hp.
The iguana attacks as it pursues you! The iguana barely misses you.
Things that are here:
a +0 hand axe; a +0 leather armour; an orc corpse It was a potion of haste.
Your stasis prevents you from being hasted.
The iguana bites you!
You die...

#.........#
##.....#.#
#...###.###
#........#
###.....#.#
##.....###
#...#.#.#.# ##...##
#.###.....# ##.)#
#.# ###.### #..#
#.# #.# #..# #.#
#.# #########..#
#.# #.#
#.....@l...# #.#
#.# #.########.#
#.# #.# #.# #....#
#.# #.# #.# #.####
#.# #.# #.# #.# #.#
#.# #.# #.#
#.#####.# #.# #.#
........# #.# #.#
#####.#####.#####.#


You could see an iguana.

Vanquished Creatures
  A jelly (D:4)
  2 hounds (D:4)
  2 orc priests
  An orc wizard (D:3)
  2 iguanas (D:4)
  An adder (D:4)
  2 dart slugs
  A ribbon worm (D:3)
  11 orcs
  7 ball pythons
  10 endoplasms
  4 giant cockroaches
  7 hobgoblins
  4 quokkas
  8 bats
  4 frilled lizards
  7 goblins
  6 kobolds
  6 rats
86 creatures vanquished.

Notes
Turn   | Place    | Note
-------+----------+-------------------------------------------
     0 | D:1      | backslashecho the Formicid Hunter began the quest for the
                  | Orb.
     0 | D:1      | Reached XP level 1. HP: 16/16 MP: 1/1
    62 | D:1      | Reached XP level 2. HP: 23/23 MP: 2/2
   317 | D:1      | Reached XP level 3. HP: 28/28 MP: 3/3
  1057 | D:2      | Found a faded altar of an unknown god.
  1105 | D:2      | Reached XP level 4. HP: 34/34 MP: 4/4
  1364 | D:3      | Identified the +2 robe of Iveh {Fly rF++}
  1447 | D:3      | Reached skill level 5 in Ranged Weapons
  1447 | D:3      | Reached XP level 5. HP: 25/41 MP: 5/5
  1789 | D:3      | Found an ancient bone altar of Kikubaaqudgha.
  1789 | D:3      | Found a shimmering altar of Xom.
  2443 | D:4      | Reached XP level 6. HP: 48/48 MP: 6/6
  2881 | D:4      | Reached skill level 6 in Ranged Weapons
  3006 | D:4      | Found a radiant altar of Vehumet.
  3006 | D:4      | Found a sparkling altar of Nemelex Xobeh.
  3075 | D:5      | Entered Level 5 of the Dungeon
  3125 | D:4      | Mangled by an iguana

Illustrated notes

Levels and vault maps discovered:
D:1:      minmay_arrival_semitransparent, layout_loops_ring
D:2:      layout_basic, basic_ecumenical_altar
D:3:      layout_loops_ring, gammafunk_temple_overflow_elements,
          kennysheep_generic_room_4
D:4:      layout_loops_ring, gammafunk_temple_overflow_statue
D:5:      layout_rooms

Skill      XL: |  1  2  3  4  5  6 |
---------------+-------------------+-----
Dodging        | 2 3 |  3.3
Fighting       | 3 4 |  4.1
Ranged Weapons | 5 6 |  6.1
Stealth        | |  1.2

Action                     |  1- 3 |  4- 6 || total
---------------------------+-------+-------++-------
   Fire: Shortbow          |    96 |   160 ||   256
    Use: Potion            |       |     3 ||     3
 Armour: Leather armour    |    19 |     5 ||    24
         Robe              |       |    59 ||    59
  Dodge: Dodged            |    21 |    48 ||    69
  Block: Other             |       |    11 ||    11

Table legend: (Time is in decaauts)
 A = Elapsed time spent in this place.
 B = Non-inter-level travel time spent in this place.
 C = Inter-level travel time spent in this place.
 D = Time resting spent in this place.
 E = Time spent auto-exploring this place.
 F = Levels seen in this place.
 G = Mean time per level.
                   A        B        C        D        E       F      G
               +--------+--------+--------+--------+--------+-----+--------+
         Total |   3168 |   3009 |    159 |    111 |   2334 |   5 |  633.6 |
       Dungeon |   3168 |   3009 |    159 |    111 |   2334 |   5 |  633.6 |
               +--------+--------+--------+--------+--------+-----+--------+

Top non-repeatable levels by time:
     D:4: 830 daAuts
     D:2: 825 daAuts
     D:3: 744 daAuts
     D:1: 729 daAuts
     D:5: 38 daAuts
